3AAA
WILMINGTON BAY HAWKS @ ALASKAN HUMPBACKS
09/11/2021
 
TOP OF THE 1ST
Wilmington Bay Hawks batting - Pitching for Alaskan Humpbacks : LHP Tony Cherena
Pitching: LHP Tony Cherena
Batting: RHB Lindsay Stewart 0-0: Ground out 5-3 (Groundball, 5L)
Batting: SHB José Martínez 0-0: Ball
1-0: Foul Ball, location: 2F
1-1: Ball
2-1: Ball
3-1: Base on Balls
Batting: SHB Jim Unknown 0-0: Ball
1-0: Called Strike
1-1: Called Strike
1-2: Fly out, F8 (Line Drive, 8LXD)
Runner from 1st tags up, SAFE at 2nd
Batting: LHB Denny Young 0-0: Ground out 4-3 (Groundball, 4)
Top of the 1st over - 0 run(s), 0 hit(s), 0 error(s), 1 left on base; Wilmington 0 - Alaskan 0
BOTTOM OF THE 1ST
Alaskan Humpbacks batting - Pitching for Wilmington Bay Hawks : LHP Cyrille Bertoletti
Pitching: LHP Cyrille Bertoletti
Batting: RHB Héctor Villarreal 0-0: Called Strike
0-1: Ball
1-1: SINGLE (Flyball, 8LS) - OUT at second base trying to stretch hit.
Batting: LHB James Sorensen 0-0: Ball
1-0: Fly out, F7 (Flyball, 7M)
Batting: RHB Dave Farr 0-0: Called Strike
0-1: Fly out, F8 (Line Drive, 8LXD)
Bottom of the 1st over - 0 run(s), 1 hit(s), 0 error(s), 0 left on base; Wilmington 0 - Alaskan 0
TOP OF THE 2ND
Wilmington Bay Hawks batting - Pitching for Alaskan Humpbacks : LHP Tony Cherena
Batting: SHB Felipe González 0-0: Foul Ball, location: 2F
0-1: Ball
1-1: Called Strike
1-2: Ball
2-2: SINGLE (Groundball, 6MD)
Batting: LHB Edgardo Téllez 0-0: Fly out, F3 (Line Drive, 3L)
0-0: Fly out, F3 (Line Drive, 3L)
Batting: SHB Shawn Sánchez 0-0: Ball
1-0: Foul Ball, location: 2F
1-1: Ball
2-1: Grounds into double play, 6-4-3 (Groundball, 6)
Top of the 2nd over - 0 run(s), 1 hit(s), 0 error(s), 0 left on base; Wilmington 0 - Alaskan 0
BOTTOM OF THE 2ND
Alaskan Humpbacks batting - Pitching for Wilmington Bay Hawks : LHP Cyrille Bertoletti
Batting: LHB Guomez Nabeiro 0-0: Foul Ball, location: 2F
0-1: Foul Ball, location: 2F
0-2: Ball
1-2: Strikes out looking
Batting: RHB Andrew Rowland 0-0: Ground out 6-3 (Groundball, 6)
Batting: SHB Mike Carter 0-0: Ball
1-0: Ball
2-0: Swinging Strike
2-1: Called Strike
2-2: Ball
3-2: Strikes out swinging
Bottom of the 2nd over - 0 run(s), 0 hit(s), 0 error(s), 0 left on base; Wilmington 0 - Alaskan 0
TOP OF THE 3RD
Wilmington Bay Hawks batting - Pitching for Alaskan Humpbacks : LHP Tony Cherena
Batting: RHB Brandon McCullough 0-0: Called Strike
0-1: SINGLE (Groundball, 34D)
Batting: LHB En-lai Gao 0-0: Ball
1-0: Called Strike
1-1: Ball
2-1: Ball
3-1: Base on Balls
Brandon McCullough to second
Batting: RHB Lindsay Stewart 0-0: Ball
1-0: Called Strike
1-1: Ball
2-1: Called Strike
2-2: Foul Ball, location: 2F
2-2: Ball
3-2: Foul Ball, location: 2F
3-2: Foul Ball, location: 2F
3-2: Base on Balls
Brandon McCullough to third
En-lai Gao to second
Batting: SHB José Martínez 0-0: Foul Ball, location: 2F
0-1: Ball
1-1: Ball
2-1: SINGLE (Line Drive, 34D)
Brandon McCullough scores
En-lai Gao to third
Lindsay Stewart to second
Batting: SHB Jim Unknown 0-0: Ball
1-0: Called Strike
1-1: Called Strike
1-2: Strikes out swinging
Batting: LHB Denny Young 0-0: Ball
1-0: Ball
2-0: Ball
3-0: Called Strike
3-1: Base on Balls
En-lai Gao scores
Lindsay Stewart to third
José Martínez to second
Batting: SHB Felipe González 0-0: Called Strike
0-1: Ball
1-1: GRAND SLAM HOME RUN (Line Drive, 8LXD), Distance : 450 ft
Batting: LHB Edgardo Téllez 0-0: Ball
1-0: Foul Ball, location: 2F
1-1: Ground out U3 (Groundball, 3S)
Batting: SHB Shawn Sánchez 0-0: Swinging Strike
0-1: Foul Ball, location: 2F
0-2: Ground out 6-3 (Groundball, 6)
Top of the 3rd over - 6 run(s), 3 hit(s), 0 error(s), 0 left on base; Wilmington 6 - Alaskan 0
BOTTOM OF THE 3RD
Alaskan Humpbacks batting - Pitching for Wilmington Bay Hawks : LHP Cyrille Bertoletti
Batting: RHB Orlando Jiménez 0-0: Foul Ball, location: 2F
0-1: Ball
1-1: Fly out, F9 (Flyball, 89D)
Batting: SHB Josef Koper 0-0: Called Strike
0-1: SOLO HOME RUN (Flyball, 78XD), Distance : 414 ft
Batting: RHB Juan García 0-0: Ball
1-0: Ground out 6-3 (Groundball, 6M)
Batting: RHB Héctor Villarreal 0-0: Swinging Strike
0-1: Ball
1-1: Ball
2-1: Fly out, F8 (Flyball, 89M)
Bottom of the 3rd over - 1 run(s), 1 hit(s), 0 error(s), 0 left on base; Wilmington 6 - Alaskan 1
TOP OF THE 4TH
Wilmington Bay Hawks batting - Pitching for Alaskan Humpbacks : LHP Tony Cherena
Pitching: RHP Miguel González
Batting: RHB Brandon McCullough 0-0: Called Strike
0-1: Ground out 1-3 (Groundball, 13S)
Batting: LHB En-lai Gao 0-0: Ball
1-0: Called Strike
1-1: Ball
2-1: Fly out, F9 (Flyball, 9D)
Batting: RHB Lindsay Stewart 0-0: Ball
1-0: Ground out 6-3 (Groundball, 6)
Top of the 4th over - 0 run(s), 0 hit(s), 0 error(s), 0 left on base; Wilmington 6 - Alaskan 1
BOTTOM OF THE 4TH
Alaskan Humpbacks batting - Pitching for Wilmington Bay Hawks : LHP Cyrille Bertoletti
Batting: LHB James Sorensen 0-0: Ball
1-0: Foul Ball, location: 2F
1-1: Ball
2-1: Ground out 4-3 (Groundball, 4M)
Batting: RHB Dave Farr 0-0: Ball
1-0: Ball
2-0: Ball
3-0: Called Strike
3-1: DOUBLE (Line Drive, 7LS)
Batting: LHB Guomez Nabeiro 0-0: Ball
1-0: Ball
2-0: Called Strike
2-1: Called Strike
2-2: SINGLE (Groundball, 4M)
Dave Farr to third
Runner from 3rd tries for Home, SAFE, no throw or cutoff
Batting: RHB Andrew Rowland 0-0: Ball
1-0: Ball
2-0: Called Strike
2-1: Foul Ball, location: 2F
2-2: Ball
3-2: Grounds into double play, 4-6-3 (Groundball, 4M)
Bottom of the 4th over - 1 run(s), 2 hit(s), 0 error(s), 0 left on base; Wilmington 6 - Alaskan 2
TOP OF THE 5TH
Wilmington Bay Hawks batting - Pitching for Alaskan Humpbacks : RHP Miguel González
Batting: SHB José Martínez 0-0: Ball
1-0: Swinging Strike
1-1: Ball
2-1: Ball
3-1: Base on Balls
Batting: SHB Jim Unknown 0-0: Ball
1-0: Called Strike
1-1: Ball
2-1: Grounds into double play, 3-6-3 (Groundball, 3)
Batting: LHB Denny Young 0-0: Ball
1-0: Ball
2-0: Swinging Strike
2-1: Ground out 1-3 (Groundball, 15S)
Top of the 5th over - 0 run(s), 0 hit(s), 0 error(s), 0 left on base; Wilmington 6 - Alaskan 2
BOTTOM OF THE 5TH
Alaskan Humpbacks batting - Pitching for Wilmington Bay Hawks : LHP Cyrille Bertoletti
Batting: SHB Mike Carter 0-0: SINGLE (Line Drive, 56D)
Batting: RHB Orlando Jiménez 0-0: Grounds into double play, 5-4-3 (Groundball, 5)
Batting: SHB Josef Koper 0-0: Ball
1-0: Called Strike
1-1: SOLO HOME RUN (Flyball, 7LD), Distance : 351 ft
Batting: RHB Juan García 0-0: Ball
1-0: Swinging Strike
1-1: Fly out, F8 (Flyball, 8LS)
Bottom of the 5th over - 1 run(s), 2 hit(s), 0 error(s), 0 left on base; Wilmington 6 - Alaskan 3
TOP OF THE 6TH
Wilmington Bay Hawks batting - Pitching for Alaskan Humpbacks : RHP Miguel González
Batting: SHB Felipe González 0-0: Foul Ball, location: 2F
0-1: Called Strike
0-2: Strikes out looking
Batting: LHB Edgardo Téllez 0-0: Ball
1-0: Ball
2-0: Called Strike
2-1: Called Strike
2-2: SINGLE (Groundball, 6MD)
Batting: SHB Shawn Sánchez 0-0: Ball
1-0: Ball
2-0: Foul Ball, location: 2F
2-1: Ball
3-1: Base on Balls
Edgardo Téllez to second
Batting: RHB Brandon McCullough 0-0: Called Strike
Edgardo Téllez steals 3rd base
Shawn Sánchez to second
0-1: Foul Ball, location: 2F
0-2: Ball
1-2: Strikes out looking
Batting: LHB En-lai Gao 0-0: Swinging Strike
0-1: Fly out, F8 (Flyball, 8RXD)
Top of the 6th over - 0 run(s), 1 hit(s), 0 error(s), 2 left on base; Wilmington 6 - Alaskan 3
BOTTOM OF THE 6TH
Alaskan Humpbacks batting - Pitching for Wilmington Bay Hawks : LHP Cyrille Bertoletti
Batting: RHB Héctor Villarreal 0-0: Ball
1-0: Ball
2-0: Called Strike
2-1: Foul Ball, location: 2F
2-2: Strikes out swinging
Batting: LHB James Sorensen 0-0: Ball
1-0: Ball
2-0: Ball
3-0: Base on Balls
Batting: RHB Dave Farr 0-0: Swinging Strike
0-1: Ball
1-1: SINGLE (Groundball, 56D)
James Sorensen to second
Batting: LHB Guomez Nabeiro 0-0: Ball
1-0: Called Strike
1-1: Ball
2-1: Foul Ball, location: 2F
2-2: Ball
3-2: Foul Ball, location: 2F
3-2: Strikes out swinging
Dave Farr steals 2nd base
Batter strikes out.
James Sorensen to third
Batting: RHB Andrew Rowland 0-0: Called Strike
0-1: Ball
1-1: Ball
2-1: Foul Ball, location: 2F
2-2: Fly out, F7 (Flyball, 8LM)
Bottom of the 6th over - 0 run(s), 1 hit(s), 0 error(s), 2 left on base; Wilmington 6 - Alaskan 3
TOP OF THE 7TH
Wilmington Bay Hawks batting - Pitching for Alaskan Humpbacks : RHP Miguel González
Batting: RHB Lindsay Stewart 0-0: Bunt missed!
0-1: Ground out 6-3 (Groundball, 6M)
Batting: SHB José Martínez 0-0: Ball
1-0: Foul Ball, location: 2F
1-1: Ball
2-1: Called Strike
2-2: Fly out, F8 (Flyball, 8RXD)
Batting: SHB Jim Unknown 0-0: Ball
1-0: Ball
2-0: Called Strike
2-1: Swinging Strike
2-2: DOUBLE (Line Drive, 3L)
Batting: LHB Denny Young 0-0: Ball
1-0: Called Strike
1-1: Swinging Strike
1-2: Foul Ball, location: 2F
1-2: Ball
Passed Ball!
Jim Unknown to third
2-2: Foul Ball, location: 2F
2-2: Strikes out looking
Top of the 7th over - 0 run(s), 1 hit(s), 0 error(s), 1 left on base; Wilmington 6 - Alaskan 3
BOTTOM OF THE 7TH
Alaskan Humpbacks batting - Pitching for Wilmington Bay Hawks : LHP Cyrille Bertoletti
Batting: SHB Mike Carter 0-0: Ball
1-0: Fly out, F8 (Flyball, 8RD)
Batting: RHB Orlando Jiménez 0-0: TRIPLE (Groundball, 5L)
Batting: SHB Josef Koper 0-0: Called Strike
0-1: Ball
1-1: Ball
2-1: Called Strike
2-2: Ball
3-2: Base on Balls
Batting: RHB Juan García 0-0: Reached on Error, E3 (Popup, 34)
Orlando Jiménez scores
Josef Koper to second
Batting: RHB Héctor Villarreal 0-0: Swinging Strike
0-1: Ball
1-1: Ball
2-1: Fly out, F8 (Flyball, 8RD)
Runner from 2nd tags up, SAFE at 3rd, no throw
Pinch Hitting: RHB Jared Smith 0-0: Ball
1-0: Ball
2-0: Ball
3-0: Base on Balls
Juan García to second
Batting: RHB Dave Farr 0-0: Ball
1-0: Swinging Strike
1-1: Called Strike
1-2: Strikes out swinging
Bottom of the 7th over - 1 run(s), 1 hit(s), 1 error(s), 3 left on base; Wilmington 6 - Alaskan 4
TOP OF THE 8TH
Wilmington Bay Hawks batting - Pitching for Alaskan Humpbacks : RHP Miguel González
Pitching: RHP Ernest White
Now in LF: Jared Smith
Batting: SHB Felipe González 0-0: Called Strike
0-1: Foul Ball, location: 2F
0-2: Foul Ball, location: 2F
0-2: Hit by Pitch
Batting: LHB Edgardo Téllez 0-0: Called Strike
0-1: Grounds into double play, 3-6-3 (Groundball, 34)
Batting: SHB Shawn Sánchez 0-0: Swinging Strike
0-1: Swinging Strike
0-2: Ball
1-2: Strikes out swinging
Top of the 8th over - 0 run(s), 0 hit(s), 0 error(s), 0 left on base; Wilmington 6 - Alaskan 4
BOTTOM OF THE 8TH
Alaskan Humpbacks batting - Pitching for Wilmington Bay Hawks : LHP Cyrille Bertoletti
Batting: LHB Guomez Nabeiro 0-0: Foul Ball, location: 2F
0-1: Ground out 3-1 (Groundball, 34)
Batting: RHB Andrew Rowland 0-0: Called Strike
0-1: Fly out, F3 (Popup, 3F)
Batting: SHB Mike Carter 0-0: Ball
1-0: Ball
2-0: Called Strike
2-1: Fly out, F8 (Flyball, 8LD)
Bottom of the 8th over - 0 run(s), 0 hit(s), 0 error(s), 0 left on base; Wilmington 6 - Alaskan 4
TOP OF THE 9TH
Wilmington Bay Hawks batting - Pitching for Alaskan Humpbacks : RHP Ernest White
Pitching: RHP Juan Hernández
Batting: RHB Brandon McCullough 0-0: Ball
1-0: Fly out, F5 (Popup, 5F)
Batting: LHB En-lai Gao 0-0: Ball
1-0: Fly out, F9 (Flyball, 9LD)
Batting: RHB Lindsay Stewart 0-0: Swinging Strike
0-1: Foul Ball, location: 2F
0-2: Strikes out swinging
Top of the 9th over - 0 run(s), 0 hit(s), 0 error(s), 0 left on base; Wilmington 6 - Alaskan 4
BOTTOM OF THE 9TH
Alaskan Humpbacks batting - Pitching for Wilmington Bay Hawks : LHP Cyrille Bertoletti
Batting: RHB Orlando Jiménez 0-0: Ball
1-0: Foul Ball, location: 2F
1-1: Fly out, F8 (Flyball, 8RS)
Batting: SHB Josef Koper 0-0: Called Strike
0-1: SINGLE (Flyball, 9LM)
Pitching: RHP Jim Unknown
Batting: RHB Juan García 0-0: Ball
1-0: Grounds into double play, 6-4-3 (Groundball, 6)
Bottom of the 9th over - 0 run(s), 1 hit(s), 0 error(s), 0 left on base; Wilmington 6 - Alaskan 4
This league is powered by Out of the Park Baseball, the baseball management simulation game for PC, Mac and Linux
Friday, January 22nd, 2016 - OOTP Baseball 16.9 Build 39